 Dungeon Crawl Stone Soup version 0.30.0-30-g96aa6591b8 (webtiles) character file.

Game seed: 13321186260173777912

36 Sabo the Trooper (level 3, -1/29 HPs)
             Began as a Demonspawn Monk on June 30, 2023.
             Slain by a gnoll
             ... wielding a +0 flail
              (7 damage)
             ... on level 2 of the Dungeon.
             The game lasted 00:05:08 (934 turns).

Sabo the Trooper (Demonspawn Monk)                   Turns: 934, Time: 00:05:08

Health: -1/29      AC:  8    Str: 13    XL:     3   Next: 19%
Magic:  3/3        EV:  7    Int: 11    God:
Gold:   28         SH:  0    Dex: 15    Spells: 2/2 levels left

rFire   . . .        a - +0 hand axe
rCold   . . .        d - orb {light}
rNeg    . . .        m - +0 chain mail
rPois   .            (no helmet)
rElec   .            (no cloak)
rCorr   .            (no gloves)
SInv    .            (no boots)
Will    .....        (no amulet) Stlth
                     h - ring of flight
HPRegen 0.24/turn    (no ring)
MPRegen 0.08/turn

%: no passive effects
@: confused, weak-willed, ambrosia-drunk, flying, glowing
A: condensation shield, weakness stinger 1
a: no special abilities


You were on level 2 of the Dungeon.
You visited 1 branch of the dungeon, and saw 2 of its levels.

You collected 28 gold pieces.

Inventory:

Hand Weapons
 a - a +0 hand axe (weapon)
Missiles
 i - 3 javelins (quivered)
Armour
 d - an orb of light (worn)
 m - a +0 chain mail (worn)
Jewellery
 h - a ring of flight (left hand)
Scrolls
 b - a scroll of magic mapping {unknown}
 f - a scroll of immolation {unknown}
 k - a scroll of enchant armour {unknown}
Potions
 g - a potion of mutation {unknown}
 j - a potion of heal wounds {unknown}
 l - a potion of curing {unknown}


   Skills:
 + Level 3.3 Fighting
 + Level 3.3 Axes
 + Level 3.0 Dodging


You had 2 spell levels left.
You didn't know any spells.
Your spell library was empty.

Dungeon Overview and Level Annotations

Branches:
Dungeon (2/15)

Altars:

Shops:
D:1 =


Innate Abilities, Weirdness & Mutations

A meltable shield of frost defends you. (SH +4)
You have a small tail.


Message History

You see here a +0 dagger.
As you read the scroll labelled ESALOM TYIS, it crumbles to dust.
Magic quickly surges around you.
It was a scroll of vulnerability.
You drop a scroll of vulnerability.
There is a stone staircase leading down here.
You fly downwards.
Found 8 stones.
There is a stone staircase leading up here.
A gnoll comes into view. It is wielding a +0 spear.
The gnoll shouts!
You hear a shout!
A gnoll comes into view. It is wielding a +0 flail.
A gnoll comes into view. It is wielding a +0 spear.
The gnoll shouts!
You hear a shout!
A goblin comes into view. It is wielding a +0 dagger.
The goblin shouts!
The gnoll hits you from afar with a +0 spear.
The gnoll hits you with a +0 spear.
The gnoll hits you from afar with a +0 spear.
You hit the gnoll.
The gnoll is moderately wounded.
A gnoll comes into view. It is wielding a +0 whip.
The gnoll hits you with a +0 spear. The gnoll barely misses you.
You barely miss the gnoll. You tail-slap the gnoll.
The gnoll is severely wounded.
The gnoll hits you with a +0 spear.
* * * LOW HITPOINT WARNING * * *
The gnoll barely misses you.
You hit the gnoll.
You kill the gnoll!
The gnoll hits you from afar with a +0 spear!
* * * LOW HITPOINT WARNING * * *
You have reached level 3!
Your experience leads to an increase in your attributes!
Increase (S)trength, (I)ntelligence, or (D)exterity?
You feel stronger. x2; Your demonic ancestry asserts itself...
Frost condenses into a shield before you.
You are confused.
You feel invigorated. The gnoll hits you but does no damage.
The gnoll hits you with a +0 flail!
You die...

### #.# # #.# .#
#.##g.#.##
#.@ggg....
#.#####.## #.#
#.# #.#
#######.########
....(...<.......
################


You could see 3 gnolls and a goblin.

Vanquished Creatures
  A gnoll (D:2)
  A dart slug (D:1)
  A bat (D:1)
  An endoplasm (D:1)
  A giant cockroach (D:1)
  A goblin (D:1)
  4 hobgoblins (D:1)
  4 quokkas (D:1)
  4 ball pythons (D:1)
  A frilled lizard (D:1)
  2 rats (D:1)
21 creatures vanquished.

Notes
Turn   | Place    | Note
-------+----------+-------------------------------------------
     0 | D:1      | Sabo the Demonspawn Monk began the quest for the Orb.
     0 | D:1      | Reached XP level 1. HP: 18/18 MP: 1/1
     0 | D:1      | Noticed a tengu
     6 | D:1      | Noticed a demonspawn zombie
     8 | D:1      | Noticed a demigod
    12 | D:1      | Noticed a human
    17 | D:1      | Noticed a felid
    17 | D:1      | Noticed a demigod
   241 | D:1      | Found Ojiezaext's Jewellery Emporium.
   276 | D:1      | Gained mutation: You have a small tail. [demonic ancestry]
   276 | D:1      | Reached XP level 2. HP: 10/24 MP: 2/2
   933 | D:2      | HP: 1/24 [gnoll/+0 spear (7)]
   934 | D:2      | Gained mutation: A meltable shield of frost defends you.
                  | (SH +4) [demonic ancestry]
   934 | D:2      | Reached XP level 3. HP: 1/29 MP: 3/3
   934 | D:2      | Slain by a gnoll

Illustrated notes

Levels and vault maps discovered:
D:1:      shiori_arrival_whats_in_store_for_you, layout_rooms, serial_shops,
          nicolae_shop_behind_doors
D:2:      kennysheep_six_static_rooms, layout_basic, solitary_fountain,
          hangedman_abyss_or_decor_stabs

Skill      XL: |  1  2 |
---------------+-------+-----
Axes           | 3 |  3.3
Dodging        | 3 |  3.0
Fighting       | |  3.3

Action                     || total
---------------------------++-------
  Melee: Hand axe          ||    64
         Tailslap          ||     5
    Use: Scroll            ||     1
         Potion            ||     1
 Armour: Robe              ||     5
         Chain mail        ||     1
  Dodge: Dodged            ||    42
